 Dungeon Crawl Stone Soup version 0.31.0-32-g396128a36d (webtiles) character file.

Game seed: 8611913655310449827

98597 EchoCascade the Severer (level 16, -13/151 HPs)
             Began as a Hill Orc Monk on Mar 16, 2024.
             Was the Champion of Beogh.
             Mangled by a bunyip (20 damage)
             ... on level 2 of the Swamp.
             The game lasted 00:48:10 (27146 turns).

EchoCascade the Severer (Hill Orc Monk)            Turns: 27146, Time: 00:48:10

Health: -13/151    AC: 30    Str: 25    XL:     16   Next: 22%
Magic:  28/28      EV: 15    Int: 10    God:    Beogh [******]
Gold:   1025       SH: 13    Dex: 19    Spells: 15/15 levels left

rFire   . . .        a - +3 broad axe (freeze)
rCold   . . .        T - +0 kite shield {reflect}
rNeg    + . .        O - +3 plate armour
rPois   +            y - +1 helmet
rElec   +            e - +2 cloak
rCorr   .            M - +2 pair of gloves {Str+3}
SInv    .            f - +2 pair of slick slippers {slick, slippery, EV+4}
Will    +....        Z - amulet of the acrobat Stlth
                     P - ring of poison resistance
HPRegen 0.45/turn    E - ring of Vanity {rElec rN+ Dex+6}
MPRegen 0.21/turn

%: reflection, acrobat
@: mighty, hasted, very quick
A: walk on water
a: Renounce Religion, Smiting, Recall Orcish Followers, Give Item to Named
Follower, Resurrection


You were on level 2 of the Swamp.
You worshipped Beogh.
Beogh was exalted by your worship.
You visited 4 branches of the dungeon, and saw 25 of its levels.
You also visited: Bailey.

You collected 3217 gold pieces.
You spent 2192 gold pieces at shops.


   Skills:
 - Level 16.0 Fighting
 - Level 18.0 Axes
 - Level 12.0 Armour
 + Level 7.3 Dodging
 + Level 12.1 Shields
 - Level 17.0 Invocations


You had 15 spell levels left.
You didn't know any spells.
Your spell library contained the following spells:

 Spells                   Type           Power      Damage    Failure   Level
 Apportation              Tloc           0%         N/A       99%         1
 Foxfire                  Conj/Fire      0%         2x1d4     99%         1
 Necrotise                Necr           0%         1d4       99%         1
 Sandblast                Erth           0%         2d4       99%         1
 Sting                    Conj/Alch      0%         1d3       99%         1
 Summon Small Mammal      Summ           0%         N/A       99%         1
 Cigotuvi's Dreadful Rot  Necr/Alch/Air  0%         N/A       100%        2
 Ensorcelled Hibernation  Hex/Ice        0%         N/A       100%        2
 Jinxbite                 Hex            0%         N/A       100%        2
 Lesser Beckoning         Tloc           0%         N/A       100%        2
 Static Discharge         Conj/Air       0%         3-3/arc   100%        2
 Gell's Gravitas          Tloc           0%         N/A       100%        3
 Passwall                 Erth           0%         N/A       100%        3
 Stone Arrow              Conj/Erth      0%         3d7       100%        3
 Swiftness                Air            0%         N/A       100%        3
 Teleport Other           Tloc           0%         N/A       100%        3
 Vampiric Draining        Necr           0%         2d6       100%        3
 Animate Armour           Summ/Erth      0%         N/A       100%        4
 Ignite Poison            Fire/Alch      0%         N/A       100%        4
 Martyr's Knell           Necr/Summ      0%         N/A       100%        4
 Sticky Flame             Fire/Alch      0%         2d4       100%        4
 Summon Lightning Spire   Summ/Air       0%         N/A       100%        4
 Alistair's Intoxication  Alch           0%         N/A       100%        5
 Borgnjor's Vile Clutch   Necr/Erth      0%         N/A       100%        5
 Freezing Cloud           Conj/Ice/Air   0%         6-21      100%        5
 Lee's Rapid Deconstruct  Erth           0%         3d4*      100%        5
 Plasma Beam              Fire/Air       0%         2x1d10    100%        6
 Starburst                Conj/Fire      0%         6d3       100%        6
 Lehudib's Crystal Spear  Conj/Erth      0%         10d2      100%        8
 Summon Horrible Things   Summ           0%         N/A       100%        8

Inventory:

Hand Weapons
 a - a +3 broad axe of freezing (weapon)
 b - a +4 eveningstar of draining
 S - a +4 trident of draining
Missiles
 h - 9 throwing nets {=f}
 N - 6 atropa-tipped darts (quivered)
Armour
 e - a +2 cloak (worn)
 f - the +2 pair of slick slippers (worn) {slick, slippery, EV+4}
   (You acquired it on level 3 of the Lair of Beasts)

   Slick:     Its wearer cannot be constricted, engulfed, netted or webbed.
   Slippery:  Its wearer slips away from damaging melee attacks, pulling the
   attacker onward.
   EV+4:      It affects your evasion (+4).
 y - a +1 helmet (worn)
 I - +0 fire dragon scales
 M - a +2 pair of gloves of strength (worn)
 O - a +3 plate armour (worn)
 T - a +0 kite shield of reflection (worn)
Jewellery
 c - a ring of ice
 t - a +4 ring of protection
 v - a ring of see invisible
 C - a ring of ice
 E - the ring of Vanity (right hand) {rElec rN+ Dex+6}
   (You acquired it on level 3 of the Lair of Beasts)

   [ring of dexterity]

   Dex+6:     It affects your dexterity (+6).
   rElec:     It insulates you from electricity.
   rN+:       It protects you from negative energy.
 L - a ring of flight
 P - a ring of poison resistance (left hand)
 Y - a +4 ring of slaying
 Z - an amulet of the acrobat (around neck)
Wands
 m - a wand of flame (46)
 n - a wand of digging (1)
 z - a wand of charming (26)
 F - a wand of mindburst (24)
 G - a wand of roots (13)
 W - a wand of light (6)
Scrolls
 d - a scroll of silence {!r}
 g - 16 scrolls of teleportation {@r2}
 i - 5 scrolls of immolation
 l - 5 scrolls of enchant armour
 p - 2 scrolls of butterflies
 q - a scroll of poison
 s - 5 scrolls of vulnerability
 x - 2 scrolls of revelation
 J - a scroll of fog
 K - a scroll of torment
 R - a scroll of fear
Potions
 k - 5 potions of haste {@q3}
 r - 3 potions of might
 u - 3 potions of berserk rage {!q}
 w - 9 potions of curing {@q1}
 A - 2 potions of magic
 B - 4 potions of mutation
 D - 3 potions of resistance
 H - a potion of invisibility
 U - 2 potions of cancellation
 V - 2 potions of lignification
Miscellaneous
 o - a lightning rod (4/4)
 X - a phantom mirror

Dungeon Overview and Level Annotations

Branches:
Dungeon (15/15)            Temple (0/1) D:7            Lair (5/5) D:10
  Swamp (3/4) Lair:3       Spider (0/4) Lair:3        Slime (0/5) Lair:5
    Orc (2/2) D:12            Elf (0/3) Orc:2        Vaults (0/5) D:13
 Depths (0/4) D:15         Bailey (visited)

Altars:
Ashenzari
Cheibriados
Dithmenos
Fedhas
Kikubaaqudgha
Makhleb
Okawaru
Qazlal
Ru
Sif Muna
Trog
Uskayaw
Wu Jian
Xom
Yredelemnul
Beogh
Jiyva

Shops:
D:4 [   D:7 *   D:8 (   D:13 (   D:15 ?   Orc:2 *=[(*

Portals:
Abyss: D:7
Trove: D:11 (give 6 scrolls of fog)

Annotations:
Lair:3 2 transporters, exclusion: oklob plant, Isoebuom's ghost, journeyman MiFi

.~~~♣..~~~~~~.~~..~..(.~~.♣♣
.~~~.)~.....~~~~~k~.~~.~~~.♣
~~~~~.~...~~~~~~~~~.♣~.~§~.♣
~~~~~.♣..~~~..~~.†.~~....~k♣
.~~~~............~♣♣.~~~~..♣
...~~...~♣♣♣~.......~~~~...♣
.........♣♣♣♣♣~..~.~~~~~~♣♣♣
.........♣♣~~♣♣.)...~>.♣~~♣
..~~~~~~~♣~♣.~..@)....♣♣..♣
.~~~~~~..♣♣♣.~~~x~.~....♣♣♣
.~.~....♣♣ ♣♣.~~...~.~~♣♣
.♣<..~♣♣♣ ♣♣~...~~~♣♣♣♣
..♣♣~~♣ ♣..~♣♣♣♣♣♣ ~~§♣♣♣♣
♣.♣♣♣ ~.♣♣ ♣♣♣ ♣♣♣ ♣


You could see a bunyip (strong) and a swamp drake (strong).


Message History

You slip backwards!
Unknown command.
The spriggan druid calls out to the beasts of the wild!
The spriggan rider hits you but does no damage.
You see here an alligator corpse.
Unknown command.
Unknown command.
You slice the spriggan druid!! You freeze the spriggan druid.
With its final breath, the spriggan druid offers up its power to the beasts of the wild!
The bunyip seems to grow more fierce.
You kill the spriggan druid!
Beogh accepts your kill.
You closely miss the spriggan rider. You barely miss the bunyip.
You slash the bunyip! You freeze the bunyip.
The bunyip is moderately wounded.
You slice the spriggan rider!! You freeze the spriggan rider!
You kill the spriggan!
Beogh accepts your kill.
Unknown command.
You slice the bunyip!! You freeze the bunyip.
The bunyip is heavily wounded.
You slash the hornet! You freeze the hornet.
You kill the hornet!
Beogh accepts your kill.
The swamp drake seems to regain its courage.
Unknown command.
You closely miss the bunyip.
The bunyip is heavily wounded.
The bunyip completely misses you. The bunyip claws you!!
You die...

Skill      XL: |  1  2  3  4  5  6  7  8  9 10 11 12 13 14 15 16 |
---------------+-------------------------------------------------+-----
Fighting       | 4 5 7 8 9 11 13 15 16 | 16.0
Axes           | 5 6 7 8 10 12 15 16 18 | 18.0
Armour         | 4 5 7 10 12 | 12.0
Invocations    | 5 10 16 17 | 17.0
Shields        | 2 6 11 12 | 12.1
Dodging        | 6 7 |  7.3

Action                     |  1- 3 |  4- 6 |  7- 9 | 10-12 | 13-15 | 16-18 || total
---------------------------+-------+-------+-------+-------+-------+-------++-------
  Melee: Hand axe          |    78 |    48 |    63 |       |       |       ||   189
         Whip              |     6 |    11 |       |       |       |       ||    17
         Flail             |       |       |   118 |    39 |       |       ||   157
         War axe           |       |       |       |   330 |   165 |       ||   495
         Trident           |       |       |       |    13 |    15 |       ||    28
         Broad axe         |       |       |       |       |   596 |   104 ||   700
         Eveningstar       |       |       |       |       |     8 |       ||     8
  Throw: Dart              |     1 |       |     9 |       |       |       ||    10
 Invoke: Convert to Beogh  |       |       |     1 |       |       |       ||     1
         Smiting           |       |       |       |       |    14 |       ||    14
         Recall Orcish Fol |       |       |       |       |     5 |       ||     5
         Stop Recall       |       |       |       |       |     1 |       ||     1
  Evoke: Wand              |       |       |       |     5 |       |       ||     5
    Use: Scroll            |       |       |       |     7 |    24 |     1 ||    32
         Potion            |       |       |       |     1 |     1 |     4 ||     6
   Stab: Distracted        |       |       |       |     3 |    15 |       ||    18
         Paralysed         |       |       |       |     3 |     5 |       ||     8
 Armour: Robe              |     9 |       |       |       |       |       ||     9
         Ring mail         |    31 |       |       |       |       |       ||    31
         Scale mail        |    10 |    23 |       |   149 |   289 |       ||   471
         Chain mail        |       |    18 |   150 |   208 |       |       ||   376
         Plate armour      |       |       |       |       |   214 |    71 ||   285
  Dodge: Dodged            |    55 |    22 |    81 |   203 |   373 |    47 ||   781
  Block: Buckler           |       |       |       |    50 |    79 |       ||   129
         Kite shield       |       |       |       |       |   218 |    52 ||   270
         Reflection        |       |       |       |       |    15 |     1 ||    16

Levels and vault maps discovered:
D:1:      beargit_arrival_greenhouse, layout_basic, shapermc_ecumenical_altar_gd
D:2:      layout_loops_ring
D:3:      layout_loops_ring
D:4:      layout_loops_ring, ashenzari_altar_1, serial_shops,
          nicolae_diamond_shop, minmay_snake_closets, uniq_grinder, uniq_ijyb,
          uniq_edmund
D:5:      layout_basic, nzn_overflow_gifts_of_might_and_magic,
          lemuel_crystal_altar, grunt_temple_overflow_open,
          nicolae_overflow_hidden_temple
D:6:      layout_basic, minmay_increasing_density, uniq_pikel
D:7:      lemuel_bear_cage, layout_cave_pools, minmay_temple_entry_grid,
          gammafunk_ghost_abyssal_escape, serial_shops, shop
D:8:      layout_rooms, nicolae_dithmenos_shadow_blocks, general_overflow_altar,
          serial_shops, shop, uniq_jeremiah, uniq_psyche
D:9:      layout_cross, lemuel_mausoleum_altar_kikubaaqudgha,
          gammafunk_temple_overflow_elements, enter_bailey_3
D:10:     layout_long_grid, erik_lair_island
D:11:     layout_small_grid, trove_entry_hex_spiral
D:12:     layout_long_grid, erik_orc_2
D:13:     layout_rooms, hellmonk_vaults_keyhole, serial_shops, shop,
          special_room [special_room_orc], hex_intersection,
          regret_index_xom_buried_treasure
D:14:     layout_gridville, chequers_hall_statues_wall_a
D:15:     hangedman_depths_entry_civil_slaughter, layout_long_grid,
          fedhas_altar_1, serial_shops, shop
Lair:1:   layout_cave_pods, serial_bayou_shore_b, infiniplex_staircase_pool_2
Lair:2:   layout_loops_ring, enter_volcano_3
Lair:3:   nzn_winding_woodlands_three_and_one
          [nzn_winding_woodlands_5x15_split_checker,
          nzn_winding_woodlands_5x15_river_crossing,
          nzn_winding_woodlands_5x15_zeroes,
          nzn_winding_woodlands_center_pierced_h], layout_chaotic_city,
          swamp_mist, hellmonk_spider_entry_not_the_bees, gammafunk_ghost_arena,
          serial_bayou_pond_c, lemuel_fruit_tree, serial_bayou_shore_a
Lair:4:   layout_gridlike, ebering_ghost_reflecting_pool, uniq_rupert
Lair:5:   minmay_lair_end_frog_pond, layout_hall_layers,
          dpeg_slime_entry_corner, special_room [special_room_bee]
Swamp:1:  layout_falls_marsh, evilmike_swamp_ruin_house_1,
          nicolae_swamp_tree_isthmus
Swamp:2:  layout_basic_swamp, evilmike_swamp_ruin_house_2,
          hangedman_swamp_blocks, swamp_pool_3
Swamp:3:  layout_basic_swamp, infiniplex_staircase_pool
Orc:1:    layout_diamond_mine, ebering_ghost_inner_flame,
          kennysheep_orc_sif_temple
Orc:2:    grunt_orc_cross, layout_diamond_mine, serial_shops, shop, uniq_donald

Notes
Turn   | Place    | Note
-------+----------+-------------------------------------------
     0 | D:1      | EchoCascade the Hill Orc Monk began the quest for the Orb.
     0 | D:1      | Reached XP level 1. HP: 19/19 MP: 1/1
    38 | D:1      | Reached skill level 4 in Fighting
    75 | D:1      | Reached XP level 2. HP: 27/27 MP: 2/2
   392 | D:1      | Reached XP level 3. HP: 35/35 MP: 3/3
   412 | D:1      | Found a faded altar of an unknown god.
   414 | D:1      | Reached skill level 5 in Fighting
  1415 | D:2      | Reached skill level 5 in Axes
  1415 | D:2      | Reached XP level 4. HP: 26/42 MP: 4/4
  1825 | D:3      | Reached skill level 6 in Axes
  2215 | D:3      | Reached XP level 5. HP: 48/48 MP: 5/5
  2800 | D:4      | Reached skill level 7 in Axes
  2800 | D:4      | Reached skill level 1 in Armour
  2836 | D:4      | Found a broken altar of Ashenzari.
  2864 | D:4      | Found Uzestryb's Armour Shoppe.
  2873 | D:4      | Bought a +1 pair of boots for 126 gold pieces
  2892 | D:4      | Noticed Grinder
  2897 | D:4      | Killed Grinder
  2898 | D:4      | Reached skill level 4 in Armour
  2898 | D:4      | Reached XP level 6. HP: 22/56 MP: 6/6
  3046 | D:4      | Reached XP level 7. HP: 55/61 MP: 7/7
  3191 | D:4      | Noticed Edmund
  3199 | D:4      | Noticed Ijyb
  3209 | D:4      | Killed Edmund
  3210 | D:4      | Reached skill level 5 in Armour
  3219 | D:4      | Reached skill level 6 in Fighting
  3220 | D:4      | Killed Ijyb
  3732 | D:5      | Entered Level 5 of the Dungeon
  3732 | D:5      | Found an ornate altar of the Wu Jian Council.
  3742 | D:5      | Reached skill level 7 in Fighting
  4169 | D:5      | Found a basalt altar of Yredelemnul.
  4177 | D:5      | Found a snail-covered altar of Cheibriados.
  4177 | D:5      | Found a hide-covered altar of Uskayaw.
  4208 | D:5      | Reached skill level 8 in Axes
  4208 | D:5      | Reached XP level 8. HP: 45/72 MP: 8/8
  4390 | D:5      | Found a bloodstained altar of Trog.
  4410 | D:5      | Found a shimmering blue altar of Sif Muna.
  4414 | D:5      | Got Sif Muna's Anthology of Ceraunoscopy
  4427 | D:5      | Found an iron altar of Okawaru.
  4429 | D:5      | Found a burning altar of Makhleb.
  4694 | D:6      | Reached skill level 9 in Axes
  4953 | D:6      | Reached skill level 10 in Axes
  5100 | D:6      | Became a worshipper of Beogh the Brigand
  5100 | D:6      | Reached * piety under Beogh
  5100 | D:6      | Reached ** piety under Beogh
  5229 | D:6      | Reached skill level 1 in Invocations
  5237 | D:6      | Reached skill level 2 in Invocations
  5252 | D:6      | Reached skill level 8 in Fighting
  5252 | D:6      | Reached skill level 3 in Invocations
  5332 | D:6      | Reached skill level 4 in Invocations
  5406 | D:6      | Noticed a yak
  5406 | D:6      | Noticed a yak
  5406 | D:6      | Noticed a yak
  5406 | D:6      | Noticed a yak
  5406 | D:6      | Noticed a yak
  5407 | D:6      | Noticed a yak
  5412 | D:6      | Killed a yak
  5413 | D:6      | Reached skill level 5 in Invocations
  5413 | D:6      | Reached XP level 9. HP: 78/81 MP: 12/12
  5422 | D:6      | Reached skill level 11 in Axes
  5429 | D:6      | Reached skill level 12 in Axes
  5523 | D:6      | Reached skill level 6 in Armour
  5582 | D:6      | Noticed Pikel
  5595 | D:6      | Killed Pikel
  5596 | D:6      | Reached skill level 7 in Armour
  5639 | D:6      | Reached skill level 9 in Fighting
  6005 | D:7      | Reached *** piety under Beogh
  6021 | D:7      | Reached XP level 10. HP: 91/91 MP: 12/14
  6037 | D:7      | Reached skill level 6 in Invocations
  6236 | D:7      | Found a staircase to the Ecumenical Temple.
  6241 | D:7      | Reached skill level 10 in Fighting
  6256 | D:7      | Reached skill level 7 in Invocations
  6284 | D:7      | Found Omaiclarph's General Store.
  6309 | D:7      | Found a one-way gate to the infinite horrors of the Abyss.
  6309 | D:7      | Noticed Consumeair16's ghost (novice MfFi)
  6320 | D:7      | Noticed a thrashing horror
  6322 | D:7      | Noticed a cyan ugly thing
  6347 | D:7      | Found a transporter.
  6398 | D:7      | Found a transporter.
  6485 | D:7      | Found a runed translucent gate.
  6486 | D:7      | Found a runed translucent gate.
  6487 | D:7      | Found a runed translucent gate.
  6487 | D:7      | Noticed a death yak
  6674 | D:8      | Noticed Jeremiah
  6677 | D:8      | Killed Jeremiah
  6692 | D:8      | Found a blossoming altar of Fedhas.
  6701 | D:8      | Found a shadowy altar of Dithmenos.
  6891 | D:8      | Found Faotasti's Antique Weapon Shoppe.
  6907 | D:8      | Bought a glowing war axe for 162 gold pieces
  7035 | D:8      | Noticed Psyche
  7038 | D:8      | Killed Psyche
  7039 | D:8      | Reached skill level 8 in Invocations
  7259 | D:9      | Reached skill level 11 in Fighting
  7349 | D:9      | Reached skill level 9 in Invocations
  7566 | D:9      | Found an ancient bone altar of Kikubaaqudgha.
  7569 | D:9      | Reached skill level 10 in Invocations
  7569 | D:9      | Reached XP level 11. HP: 104/104 MP: 18/18
  7572 | D:9      | Reached **** piety under Beogh
  7573 | D:9      | Reached skill level 12 in Fighting
  7658 | D:9      | Found a sacrificial altar of Ru.
  7658 | D:9      | Found a stormy altar of Qazlal.
  7686 | D:9      | Reached skill level 13 in Axes
  7803 | D:9      | Found a flagged portal.
  7812 | Bailey   | Entered a bailey
  7886 | Bailey   | Reached skill level 1 in Shields
  8069 | Bailey   | Reached skill level 2 in Shields
  8070 | Bailey   | Reached ***** piety under Beogh
  8281 | Bailey   | Got the Volume of Spectral Causimancy
  8282 | Bailey   | Identified the +5 battleaxe of Defilement {heavy, ^Fragile
                  | rN+++ rCorr}
  8404 | Bailey   | HP: 6/104 [gnoll sergeant/+0 halberd (7)]
  8414 | Bailey   | Reached skill level 14 in Axes
  8419 | Bailey   | Identified the +5 sling "Felock" {drain, ^Fragile Str+9
                  | Dex+3 Stlth-}
  8629 | Bailey   | Got the Folio of Grounded Mustering
  8846 | D:10     | Entered Level 10 of the Dungeon
  9124 | D:10     | Found a staircase to the Lair.
  9145 | D:10     | Reached skill level 13 in Fighting
 10059 | Lair:1   | Entered Level 1 of the Lair of Beasts
 10138 | Lair:1   | Reached skill level 15 in Axes
 10293 | Lair:1   | Gained Spirok as an ally
 10655 | Lair:1   | Reached XP level 12. HP: 102/115 MP: 19/19
 11226 | Lair:2   | Reached skill level 16 in Axes
 11234 | Lair:2   | Reached skill level 11 in Invocations
 11351 | Lair:2   | Your ally Spirok died
 11557 | Lair:2   | Reached skill level 12 in Invocations
 11836 | Lair:2   | Noticed a seven-headed hydra
 11841 | Lair:2   | Killed a seven-headed hydra
 12094 | Lair:2   | Reached skill level 13 in Invocations
 12435 | Lair:3   | Noticed a four-headed hydra
 12435 | Lair:3   | Noticed a boulder beetle
 12442 | Lair:3   | Killed a four-headed hydra
 12448 | Lair:3   | Killed a boulder beetle
 12739 | Lair:3   | Reached skill level 14 in Invocations
 12742 | Lair:3   | Found a transporter.
 12762 | Lair:3   | Noticed Isoebuom's ghost (journeyman MiFi)
 12766 | Lair:3   | Noticed a six-headed hydra
 12961 | D:7      | Killed a death yak
 12962 | D:7      | Reached skill level 15 in Invocations
 12965 | D:7      | Reached ****** piety under Beogh
 13084 | D:7      | Reached skill level 16 in Invocations
 13084 | D:7      | Reached XP level 13. HP: 59/122 MP: 23/25
 13101 | D:7      | Killed Consumeair16's ghost
 13576 | Lair:3   | Found a transporter.
 13954 | Lair:3   | Found a staircase to the Swamp.
 13967 | Lair:3   | Reached skill level 17 in Invocations
 13973 | Lair:3   | Reached skill level 8 in Armour
 14144 | Lair:3   | Reached skill level 9 in Armour
 14155 | Lair:3   | Found a hole to the Spider Nest.
 14393 | Lair:3   | Reached skill level 10 in Armour
 14874 | Lair:3   | Reached skill level 14 in Fighting
 15255 | Lair:4   | Found a runed translucent door.
 15270 | Lair:4   | Noticed Rupert
 15274 | Lair:4   | Killed Rupert
 15529 | Lair:3   | Identified 2 scrolls of acquirement
 15529 | Lair:3   | Acquired the ring of Vanity {rElec rN+ Dex+6}
 15633 | Lair:3   | Acquired the +2 pair of slick slippers {slick, slippery,
                  | EV+4}
 15633 | Lair:3   | Found the +2 pair of slick slippers {slick, slippery, EV+4}
 15700 | Lair:4   | Reached skill level 15 in Fighting
 15721 | Lair:4   | Identified the +0 robe of Hiof {rF+}
 15729 | Lair:4   | Gained Wardok as an ally
 15734 | Lair:4   | Reached XP level 14. HP: 121/135 MP: 26/26
 16055 | Lair:4   | Reached skill level 17 in Axes
 16497 | Lair:4   | Noticed Vufrucs's ghost (journeyman DrSh)
 16562 | Lair:4   | Killed Vufrucs's ghost
 16642 | Lair:5   | Entered Level 5 of the Lair of Beasts
 16684 | Lair:5   | Gained Wargath as an ally
 16707 | Lair:5   | Reached skill level 18 in Axes
 16732 | Lair:5   | Your ally Wardok died
 16737 | Lair:5   | Gained Horkud as an ally
 16749 | Lair:5   | Gained Thorok as an ally
 16825 | Lair:5   | Identified the +0 pair of gloves of the Shoals {rC+}
 17150 | Lair:5   | Reached skill level 11 in Armour
 17402 | Lair:5   | Found a viscous altar of Jiyva.
 17403 | Lair:5   | Found a staircase to the Slime Pits.
 17625 | Lair:5   | Reached skill level 16 in Fighting
 17652 | Lair:5   | HP: 12/137 [poisoned by a meliai]
 17657 | Lair:5   | HP: 6/137 [poisoned by a meliai]
 18588 | D:11     | Reached skill level 3 in Shields
 18690 | D:11     | Reached skill level 12 in Armour
 18821 | D:11     | Reached skill level 4 in Shields
 18898 | D:11     | Found a portal to a secret trove of treasure.
 19435 | D:12     | Reached skill level 5 in Shields
 19485 | D:12     | Found a staircase to the Orcish Mines.
 19662 | D:12     | Reached skill level 6 in Shields
 19662 | D:12     | Reached XP level 15. HP: 144/144 MP: 27/27
 20289 | D:13     | Reached skill level 7 in Shields
 20301 | D:13     | Found a gate to the Vaults.
 20596 | D:13     | Found a shimmering altar of Xom.
 20640 | D:13     | Found a roughly hewn altar of Beogh.
 20708 | D:13     | Reached skill level 8 in Shields
 20734 | D:13     | Found Ivvioh's Antique Weapon Shop.
 21082 | Orc:1    | Entered Level 1 of the Orcish Mines
 21187 | Orc:1    | Found a runed translucent door.
 21188 | Orc:1    | Noticed flammie80's ghost (journeyman FoMo)
 21424 | Orc:1    | Killed flammie80's ghost
 21488 | Orc:2    | Entered Level 2 of the Orcish Mines
 21491 | Orc:2    | Identified a +0 crystal plate armour
 21491 | Orc:2    | Noticed Donald
 21501 | Orc:2    | Killed Donald
 21502 | Orc:2    | Reached skill level 3 in Dodging
 21723 | Orc:2    | Noticed an orc warlord
 21739 | Orc:2    | Gained Learuk as an ally
 21744 | Orc:2    | Killed an orc warlord
 21991 | Orc:2    | Killed Erolcha
 22043 | Orc:2    | Reached skill level 9 in Shields
 22052 | Orc:2    | Found a roughly hewn altar of Beogh.
 22055 | Orc:2    | Found Wiw Bac's General Store.
 22060 | Orc:2    | Found Gidy's Antique Weapon Shoppe.
 22096 | Orc:2    | Bought a lightning rod (4/4) for 480 gold pieces
 22096 | Orc:2    | Bought a potion of resistance for 120 gold pieces
 22104 | Orc:2    | Found Mialeynou's Antique Armour Shoppe.
 22120 | Orc:2    | Bought a pair of runed gloves for 202 gold pieces
 22145 | Orc:2    | Found Jeteytai's General Store.
 22155 | Orc:2    | Bought a scroll of identify for 30 gold pieces
 22201 | Orc:2    | Found a staircase to the Elven Halls.
 22348 | Orc:2    | Paralysed by an orc sorcerer for 2 turns
 22352 | Orc:2    | Paralysed by an orc sorcerer for 3 turns
 22641 | Orc:2    | Found Iczeamoi's Jewellery Shoppe.
 22739 | Orc:1    | Gained Bladwarg as an ally
 22765 | Orc:1    | Reached skill level 4 in Dodging
 22802 | Orc:1    | Found a shimmering blue altar of Sif Muna.
 23923 | D:15     | Entered Level 15 of the Dungeon
 23941 | D:15     | Reached skill level 5 in Dodging
 23941 | D:15     | Reached skill level 10 in Shields
 23981 | D:15     | Noticed a fire giant
 24116 | D:15     | Identified a +2 robe of resistance
 24410 | D:15     | Found a staircase to the Depths.
 24422 | D:15     | Found a blossoming altar of Fedhas.
 24705 | D:15     | Reached skill level 6 in Dodging
 24728 | D:15     | Found Poru's Magic Scroll Emporium.
 24736 | D:15     | Bought a scroll of acquirement for 832 gold pieces
 24736 | D:15     | Acquired 610 gold pieces
 25311 | Orc:2    | Bought a ring of poison resistance for 240 gold pieces
 25611 | Swamp:1  | Entered Level 1 of the Swamp
 25663 | Swamp:1  | Reached skill level 11 in Shields
 25735 | Swamp:1  | Gained Worak as an ally
 26450 | Swamp:2  | Reached XP level 16. HP: 116/151 MP: 28/28
 26909 | Swamp:2  | Reached skill level 7 in Dodging
 27120 | Swamp:3  | HP: 9/151 [bunyip (19)]
 27137 | Swamp:2  | Reached skill level 12 in Shields
 27137 | Swamp:2  | HP: 8/151 [spriggan rider/+0 spear[a spriggan druid] (17)]
 27146 | Swamp:2  | Mangled by a bunyip

Vanquished Creatures
  Rupert (Lair:4)
  Donald (Orc:2)
  An ironbound thunderhulk (D:13)
  An eleionoma (Swamp:2)
  The ghost of Vufrucs the Grappler, a journeyman DrSh of Wu Jian (Lair:4)
  A bunyip (Swamp:2)
  The ghost of flammie80 the Basher, a journeyman FoMo of Cheibriados (Orc:1)
  An ettin (D:15)
  A fire dragon (D:14)
  3 hydras
  A rakshasa (D:15)
  6 alligators
  2 boulder beetles
  5 two-headed ogres
  A death yak (D:7)
  5 centaur warriors
  An occultist (D:15)
  An orc high priest (Orc:2)
  A thrashing horror (D:7)
  2 skysharks (Lair:3)
  The ghost of Consumeair16 the Spear-Bearer, a novice MfFi of Qazlal (D:7)
  2 spriggans (Swamp:2)
  2 spriggan druids (Swamp:2)
  2 goliath frogs (Swamp:2)
  2 necromancers (D:15)
  2 deep elf pyromancers
  An orc knight (D:15)
  Pikel (D:6)
  7 ugly things
  3 orc sorcerers
  2 manticores
  An oklob plant (Lair:3)
  2 cyclopes
  11 elephants
  4 meliai
  2 torpor snails (Lair:5)
  4 black mambas
  2 kobold blastminers (Orc:1)
  15 cane toads
  3 komodo dragons
  An efreet (D:14)
  A rime drake (Lair:2)
  Jeremiah (D:8)
  6 kobold demonologists
  A freezing wraith (D:14)
  Psyche (D:8)
  A tengu conjurer (D:15)
  An unseen horror zombie (D:9)
  An unseen horror skeleton (D:9)
  An ancient zyme (D:7)
  2 trolls
  4 tyrant leeches
  A wolf spider simulacrum (D:15)
  A queen bee (Lair:5)
  A polar bear (D:7)
  10 blink frogs
  A dream sheep (D:7)
  Grinder (D:4)
  2 hornets (Swamp:2)
  8 slime creatures
  A centaur simulacrum (D:14)
  A fire elemental (Lair:4)
  52 yaks
  6 wyverns
  A basilisk (D:15)
  3 humans (D:13)
  A hog (D:7)
  2 wargs
  14 vampire mosquitoes
  An acid dragon (D:14)
  6 swamp worms
  Edmund (D:4)
  12 water moccasins
  A hell hound (Lair:2)
  7 orc warriors
  3 sky beasts
  4 ogres
  3 ice beasts
  9 black bears
  3 small abominations (D:7)
  5 boggarts (D:15)
  25 wolves
  5 centaurs
  A lemure (D:6)
  2 kobold brigands
  13 bullfrogs
  9 gnoll sergeants (Bailey)
  2 scorpions
  2 burial acolytes (D:9)
  2 wights
  A wyvern skeleton (D:9)
  16 killer bees (Lair:5)
  8 electric eels
  5 bombardier beetles
  A hound (shapeshifter) (D:15)
  5 jellies
  7 hounds
  7 orc priests
  A centaur skeleton (D:9)
  6 gnoll boudas (Bailey)
  A sleepcap (D:6)
  Ijyb (D:4)
  8 orc wizards
  4 howler monkey zombies (D:9)
  22 gnolls
  10 adders
  2 shadow imps
  A white imp (D:7)
  4 ufetubi
  4 ribbon worms (D:3)
  2 dart slugs
  17 orcs
  2 endoplasms
  A giant cockroach (D:2)
  9 goblins
  4 hobgoblins
  12 jackals
  18 kobolds
  3 quokkas
  13 ball pythons
  4 bats
  A frilled lizard (D:1)
  3 rats
552 creatures vanquished.

Vanquished Creatures (collateral kills)
  An orc warlord (Orc:2)
  Erolcha (Orc:2)
  3 hydras
  2 boulder beetles (Lair:3)
  2 death yaks (Lair:5)
  A two-headed ogre (D:11)
  An orc high priest (Orc:2)
  3 skysharks
  A goliath frog (Swamp:1)
  An orc knight (Orc:2)
  3 orc sorcerers
  8 elephants
  2 ugly things
  A cyclops (D:12)
  2 black mambas
  A kobold blastminer (Orc:1)
  6 cane toads (Lair:5)
  A torpor snail (Lair:3)
  2 rime drakes
  2 unseen horrors (D:11)
  A kobold demonologist (D:12)
  5 komodo dragons
  2 trolls
  A hornet (Lair:3)
  8 blink frogs
  3 slime creatures (D:12)
  A tyrant leech (Lair:5)
  20 yaks
  2 wyverns
  A wraith (D:12)
  5 basilisks
  6 vampire mosquitoes
  4 water moccasins
  A hell hound (Lair:2)
  7 orc warriors
  9 wolves
  A centaur (D:11)
  6 bullfrogs
  4 killer bees (Lair:5)
  5 electric eels
  5 orc priests
  A human zombie (D:9)
  7 orc wizards
  11 orcs
  A kobold (D:10)
161 creatures vanquished.

Vanquished Creatures (others)
  3 orc knights
  An orc sorcerer (Orc:2)
  A bloated husk (Swamp:2)
  10 orc warriors
  11 orc priests
  6 orc wizards
  39 orcs
  10 foxfires (Swamp:3)
81 creatures vanquished.

Grand Total: 794 creatures vanquished

Table legend: (Time is in decaauts)
 A = Elapsed time spent in this place.
 B = Non-inter-level travel time spent in this place.
 C = Inter-level travel time spent in this place.
 D = Time resting spent in this place.
 E = Time spent auto-exploring this place.
 F = Levels seen in this place.
 G = Mean time per level.
                   A        B        C        D        E       F      G
               +--------+--------+--------+--------+--------+-----+--------+
         Total |  26978 |  24954 |   2024 |   4009 |  17094 |  26 | 1037.6 |
       Dungeon |  14880 |  13623 |   1257 |   1955 |   9501 |  15 |  992.0 |
          Lair |   7601 |   7121 |    480 |   1154 |   4998 |   5 | 1520.2 |
         Swamp |   1498 |   1460 |     38 |      0 |   1243 |   3 |  499.3 |
  Orcish Mines |   2036 |   1788 |    248 |    459 |   1041 |   2 | 1018.0 |
        Bailey |    961 |    961 |      0 |    441 |    311 |   1 |  961.0 |
               +--------+--------+--------+--------+--------+-----+--------+

Top non-repeatable levels by time:
  Lair:3: 2030 daAuts
  Lair:5: 1639 daAuts
  Lair:2: 1542 daAuts
     D:6: 1362 daAuts
     D:7: 1328 daAuts
    D:15: 1285 daAuts
  Lair:1: 1240 daAuts
   Orc:2: 1152 daAuts
  Lair:4: 1148 daAuts
    D:10: 1143 daAuts
     D:3: 987 daAuts
     D:4: 977 daAuts
  Bailey: 961 daAuts
    D:13: 943 daAuts
    D:14: 930 daAuts

Table legend:
 A = Non-vault XP
 B = Vault XP
 C = Vault XP percentage of total XP
 D = Non-vault monster count
 E = Vault monster count
 F = Vault count percentage of total count
                 A         B        C        D         E       F
            +---------+---------+-------+---------+---------+-------
      Total |   97637 |   43217 |  30.7 |     472 |     240 |  33.7
            +---------+---------+-------+---------+---------+-------
        D:1 |      45 |       0 |   0.0 |      25 |       0 |   0.0
        D:2 |      84 |       0 |   0.0 |      12 |       0 |   0.0
        D:3 |      77 |       0 |   0.0 |      17 |       0 |   0.0
        D:4 |     240 |     531 |  68.9 |      15 |      15 |  50.0
        D:5 |     149 |     169 |  53.1 |       5 |       2 |  28.6
        D:6 |    2079 |    1042 |  33.4 |      30 |      11 |  26.8
        D:7 |    1319 |    5632 |  81.0 |      11 |      21 |  65.6
        D:8 |     658 |     710 |  51.9 |       7 |       2 |  22.2
        D:9 |    2856 |    1048 |  26.8 |      16 |      16 |  50.0
       D:10 |    2585 |     757 |  22.7 |      30 |       6 |  16.7
       D:11 |    4308 |       0 |   0.0 |      19 |       0 |   0.0
       D:12 |    4259 |      47 |   1.1 |      19 |       6 |  24.0
       D:13 |    4355 |    2336 |  34.9 |      14 |      12 |  46.2
       D:14 |    7405 |       0 |   0.0 |      21 |       0 |   0.0
       D:15 |    9154 |    3358 |  26.8 |      24 |       5 |  17.2
     Lair:1 |    2034 |       0 |   0.0 |       9 |       0 |   0.0
     Lair:2 |    6278 |     290 |   4.4 |      24 |       2 |   7.7
     Lair:3 |   12219 |    5736 |  31.9 |      42 |      21 |  33.3
     Lair:4 |    8837 |    2797 |  24.0 |      42 |       2 |   4.5
     Lair:5 |    7794 |   10510 |  57.4 |      35 |      58 |  62.4
    Swamp:1 |    3436 |       0 |   0.0 |      11 |       0 |   0.0
    Swamp:2 |   11861 |       0 |   0.0 |      20 |       0 |   0.0
    Swamp:3 |     826 |       0 |   0.0 |       1 |       0 |   0.0
      Orc:1 |    2617 |    1168 |  30.9 |      11 |       4 |  26.7
      Orc:2 |    2162 |    4755 |  68.7 |      12 |      17 |  58.6
     Bailey |       0 |    2331 | 100.0 |       0 |      40 | 100.0
            +---------+---------+-------+---------+---------+-------
